 Dungeon Crawl Stone Soup version 0.26-a0-708-g17f3b190f9 (webtiles) character file.

Game seed: 5525460561063781725

146 snetch the Magician (level 5, -7/37 HPs)
             Began as a Gnoll Hedge Wizard on Oct 28, 2020.
             Was an Initiate of Cheibriados.
             Mangled by a worm (11 damage)
             ... on level 3 of the Dungeon.
             The game lasted 00:10:04 (2347 turns).

snetch the Magician (Gnoll Hedge Wizard)            Turns: 2347, Time: 00:10:06

Health: -7/37      AC:  2    Str: 13    XL:     5   Next: 28%
Magic:  0/14       EV: 15    Int: 18    God:    Cheibriados [......]
Gold:   132        SH:  0    Dex: 16    Spells: 8/18 levels left

rFire    . . .     SeeInvis .   f - +0 hand axe
rCold    . . .     Faith    .   (no shield)
rNeg     . . .     Spirit   .   b - +0 robe
rPois    .         Reflect  .   c - +0 hat
rElec    .         Harm     .   (no cloak)
rCorr    .         Rampage  .   (no gloves)
MR       .....                  (no boots)
Stlth    +++.......             (no amulet)
HPRegen  0.12/turn              (no ring)
MPRegen  0.14/turn              (no ring)

@: very slightly contaminated, very slow
A: distributed training, fangs 1, strong nose
a: Bend Time, Renounce Religion


You were on level 3 of the Dungeon.
You worshipped Cheibriados.
Cheibriados was noncommittal.
You visited 1 branch of the dungeon, and saw 3 of its levels.

You collected 132 gold pieces.

Inventory:

Hand Weapons
 a - a +0 dagger
 f - a +0 hand axe (weapon)
Missiles
 j - 60 stones (quivered)
 o - 13 sling bullets
 t - 15 bolts
Armour
 b - a +0 robe (worn)
 c - a +0 hat (worn)
 l - a +0 kite shield
 m - a +0 scale mail
 n - a +0 plate armour
 p - a +0 plate armour
 s - a +0 chain mail
Scrolls
 d - 2 scrolls of teleportation {unknown}
 g - a scroll of fear {unknown}
 i - 2 scrolls of fog {unknown}
 q - a scroll of identify {unknown}
 u - a scroll of remove curse {unknown}
Potions
 e - a potion of lignification {unknown}
 h - 5 potions of curing {unknown}
 k - a potion of might {unknown}
 r - 2 potions of heal wounds {unknown}


   Skills:
 + Level 1.4 Fighting
 + Level 1.4 Short Blades
 + Level 1.4 Long Blades
 + Level 1.4 Axes
 + Level 1.4 Maces & Flails
 + Level 1.4 Polearms
 + Level 1.4 Staves
 + Level 1.4 Slings
 + Level 1.4 Bows
 + Level 1.4 Crossbows
 + Level 1.4 Throwing
 + Level 1.4 Armour
 + Level 4.7 Dodging
 + Level 4.4 Stealth
 + Level 1.4 Shields
 + Level 1.4 Unarmed Combat
 + Level 7.3 Spellcasting
 + Level 2.3 Conjurations
 + Level 1.1 Hexes
 + Level 2.3 Summonings
 + Level 1.1 Necromancy
 + Level 2.3 Translocations
 + Level 1.1 Transmutations
 + Level 1.1 Fire Magic
 + Level 1.1 Ice Magic
 + Level 1.1 Air Magic
 + Level 1.1 Earth Magic
 + Level 1.1 Poison Magic
 + Level 1.6 Invocations
 + Level 1.4 Evocations


You had 8 spell levels left.
You knew the following spells:

 Your Spells              Type           Power        Failure   Level
a - Magic Dart            Conj           ###.         4%          1
b - Searing Ray           Conj           ###...       6%          2
c - Call Imp              Summ           ###.....     6%          2
d - Mephitic Cloud        Conj/Pois/Air  ##......     17%         3
e - Blink                 Tloc           N/A          6%          2

Your spell library contained the following spells:

 Spells                   Type           Power        Failure   Level
 Slow                     Hex            ##......     10%         2
 Conjure Flame            Conj/Fire      ##......     16%         3
 Dazzling Flash           Conj/Hex       ##....       16%         3
 Iskenderun's Mystic Bla  Conj/Tloc      ###.....     36%         4
 Fulminant Prism          Conj/Hex       ##........   45%         4


Dungeon Overview and Level Annotations

Branches:
Dungeon (3/15)

Altars:
Cheibriados
Elyvilon
Trog


Innate Abilities, Weirdness & Mutations

Your experience applies equally to all skills.
You have very sharp teeth.
Your uncanny sense of smell can sniff out nearby items.


Message History

* * * LOW HITPOINT WARNING * * *
Casting: Searing Ray (safe; 6% risk of failure)
Confirm with . or Enter, or press ? or * to list all spells.
You don't have enough magic to cast that spell.
Throwing (i - inventory)
j - 60 stones (quivered)
Press: ? - help, Shift-Dir - straight line, f/p - worm
Aim: a worm (almost dead, berserk)
Okay, then.
You hit the worm.
The worm is almost dead.
The worm completely misses you.
Casting: Searing Ray (safe; 6% risk of failure)
Confirm with . or Enter, or press ? or * to list all spells.
Aiming: Magic Dart (safe; 4% risk of failure)
Press: ? - help, Shift-Dir - straight line, f/p - worm
Aim: a worm (almost dead, berserk)
The magic dart hits the worm.
The worm is almost dead.
The worm bites you!
You die...

### ###.# ..#
####'#### #.#
##...†...##
#)#
#.........##
#.#
#...........#
#<#
#....###....#
#.#
#...##y##...#
#.#
#....###....#
#.#
##.......w@##
#.#
#.).._....#
...
##)).....##
..# ###..)###
#.# ####


You could see a moth of wrath and a worm (berserk).

Vanquished Creatures
  An iguana (D:3)
  6 adders (D:2)
  A worm (D:3)
  A dart slug (D:2)
  3 leopard geckos
  4 bats
  6 giant cockroaches
  5 goblins
  3 hobgoblins
  7 jackals (D:1)
  7 kobolds
  2 ball pythons (D:2)
  4 frilled lizards
  9 rats
59 creatures vanquished.

Notes
Turn   | Place    | Note
-------+----------+-------------------------------------------
     0 | D:1      | snetch the Gnoll Hedge Wizard began the quest for the Orb.
     0 | D:1      | Reached XP level 1. HP: 13/13 MP: 8/8
   140 | D:1      | Reached XP level 2. HP: 18/19 MP: 7/10
   658 | D:1      | Reached XP level 3. HP: 22/25 MP: 7/11
  1213 | D:2      | Reached skill level 1 in Invocations
  1217 | D:2      | Learned a level 2 spell: Blink
  1220 | D:2      | Learned a level 2 spell: Call Imp
  1224 | D:2      | Learned a level 3 spell: Mephitic Cloud
  1304 | D:2      | Learned a level 2 spell: Searing Ray
  1335 | D:2      | Reached skill level 1 in Fighting
  1335 | D:2      | Reached skill level 1 in Short Blades
  1335 | D:2      | Reached skill level 1 in Long Blades
  1335 | D:2      | Reached skill level 1 in Axes
  1335 | D:2      | Reached skill level 1 in Maces & Flails
  1335 | D:2      | Reached skill level 1 in Polearms
  1335 | D:2      | Reached skill level 1 in Staves
  1335 | D:2      | Reached skill level 1 in Slings
  1335 | D:2      | Reached skill level 1 in Bows
  1335 | D:2      | Reached skill level 1 in Crossbows
  1335 | D:2      | Reached skill level 1 in Throwing
  1335 | D:2      | Reached skill level 1 in Armour
  1335 | D:2      | Reached skill level 1 in Shields
  1335 | D:2      | Reached skill level 1 in Unarmed Combat
  1335 | D:2      | Reached skill level 1 in Evocations
  1337 | D:2      | Reached XP level 4. HP: 21/32 MP: 7/13
  1465 | D:2      | Found a faded altar of an unknown god.
  1569 | D:2      | Reached skill level 1 in Hexes
  1569 | D:2      | Reached skill level 1 in Necromancy
  1569 | D:2      | Reached skill level 1 in Transmutations
  1569 | D:2      | Reached skill level 1 in Fire Magic
  1569 | D:2      | Reached skill level 1 in Ice Magic
  1569 | D:2      | Reached skill level 1 in Air Magic
  1569 | D:2      | Reached skill level 1 in Earth Magic
  1569 | D:2      | Reached skill level 1 in Poison Magic
  1570 | D:2      | Found a snail-covered altar of Cheibriados.
  1583 | D:2      | Became a worshipper of Cheibriados the Contemplative
  2112 | D:2      | Found a white marble altar of Elyvilon.
  2301 | D:3      | Found a bloodstained altar of Trog.
  2301 | D:3      | Noticed a moth of wrath
  2307 | D:3      | Reached XP level 5. HP: 37/37 MP: 14/14
  2347 | D:3      | Mangled by a worm

Illustrated notes

Levels and vault maps discovered:
D:1:      saegor_arrival_simple_b, layout_basic
D:2:      layout_basic, marbit_many_paths, cheibriados_altar_1,
          chequers_ecumenical_altar_simple_redux
D:3:      layout_loops_ring, tgw_trog, nicolae_overflow_crystal_walls

Skill      XL: |  1  2  3  4 |
---------------+-------------+-----
Conjurations   | 2 |  2.3
Summonings     | 2 |  2.3
Translocations | 2 |  2.3
Invocations    | 1 |  1.6
Fighting       | 1 |  1.4
Short Blades   | 1 |  1.4
Long Blades    | 1 |  1.4
Axes           | 1 |  1.4
Maces & Flails | 1 |  1.4
Polearms       | 1 |  1.4
Staves         | 1 |  1.4
Slings         | 1 |  1.4
Bows           | 1 |  1.4
Crossbows      | 1 |  1.4
Throwing       | 1 |  1.4
Armour         | 1 |  1.4
Shields        | 1 |  1.4
Unarmed Combat | 1 |  1.4
Evocations     | 1 |  1.4
Hexes          | 1 |  1.1
Necromancy     | 1 |  1.1
Transmutations | 1 |  1.1
Fire Magic     | 1 |  1.1
Ice Magic      | 1 |  1.1
Air Magic      | 1 |  1.1
Earth Magic    | 1 |  1.1
Poison Magic   | 1 |  1.1
Dodging        | |  4.7
Stealth        | |  4.4
Spellcasting   | |  7.3

Action                   |  1- 3 |  4- 6 || total
-------------------------+-------+-------++-------
Melee: Dagger            |    45 |       ||    45
       Bite              |     6 |     1 ||     7
       Hand axe          |    28 |    16 ||    44
 Cast: Magic Dart        |    43 |    24 ||    67
       Searing Ray       |     2 |     6 ||     8
       Call Imp          |     1 |       ||     1
 Stab: Sleeping          |     6 |     4 ||    10
Armor: Robe              |    19 |     1 ||    20
Dodge: Dodged            |    79 |    26 ||   105

Table legend: (Time is in decaauts)
 A = Elapsed time spent in this place.
 B = Non-inter-level travel time spent in this place.
 C = Inter-level travel time spent in this place.
 D = Time resting spent in this place.
 E = Time spent auto-exploring this place.
 F = Levels seen in this place.
 G = Mean time per level.
                   A        B        C        D        E       F      G
               +--------+--------+--------+--------+--------+-----+--------+
         Total |   2504 |   2373 |    131 |    265 |   1397 |   3 |  834.7 |
       Dungeon |   2504 |   2373 |    131 |    265 |   1397 |   3 |  834.7 |
               +--------+--------+--------+--------+--------+-----+--------+

Top non-repeatable levels by time:
     D:2: 1203 daAuts
     D:1: 1196 daAuts
     D:3: 104 daAuts
